 Dungeon Crawl Stone Soup version 0.20-a0-386-g2d247ea (webtiles) character file.

5887 DevlanMud the Blocker (level 10, -4/70 HPs)
             Began as a Demonspawn Fighter on Dec 29, 2016.
             Was a Believer of Okawaru.
             Slain by a two-headed ogre
             ... wielding a +0 giant spiked club
              (14 damage)
             ... on level 10 of the Dungeon.
             The game lasted 00:33:17 (9543 turns).

DevlanMud the Blocker (Demonspawn Fighter)          Turns: 9543, Time: 00:33:19

Health: -4/70      AC: 18    Str: 18    XL:     10   Next: 52%
Magic:  0/14       EV:  8    Int: 11    God:    Okawaru [**....]
Gold:   483        SH: 12    Dex: 13    Spells: 9/9 levels left

rFire  . . .     SeeInvis .     a - +0 long sword
rCold  . . .     Gourm    .     b - +0 scale mail
rNeg   . . .     Faith    .     c - +0 shield
rPois  .         Spirit   +     (helmet restricted)
rElec  .         Reflect  .     D - +0 cloak
rCorr  .         Harm     .     A - +0 pair of gloves
MR     +....                    (no boots)
Stlth  ..........               (no amulet)
                                g - +6 ring of protection
                                k - ring of protection from magic

@: no status effects
A: claws 2, horns 1, talons 1, thin metallic scales 2, spiny 1, wild magic 1,
evolution 1, magic shield, no potion heal 1
a: Heroism, Renounce Religion


You were on level 10 of the Dungeon.
You worshipped Okawaru.
Okawaru was pleased with you.
You were very hungry.

You visited 2 branches of the dungeon, and saw 11 of its levels.

You collected 483 gold pieces.

Inventory:

Hand Weapons
 a - a +0 long sword (weapon)
Armour
 b - a +0 scale mail (worn)
 c - a +0 shield (worn)
 n - a +0 helmet
 A - a +0 pair of gloves (worn)
 D - a +0 cloak (worn)
Jewellery
 e - an uncursed ring of ice
 g - a +6 ring of protection (right hand)
 h - an uncursed ring of see invisible
 j - an uncursed ring of positive energy
 k - a ring of protection from magic (left hand)
Wands
 y - a wand of flame (22/48)
Scrolls
 i - 5 scrolls of teleportation
 m - a scroll of recharging {unknown}
 o - 2 scrolls of magic mapping {unknown}
 r - 2 scrolls of amnesia
 u - 5 scrolls of identify
 x - a scroll of immolation {unknown}
 z - a scroll of fear
 E - 2 scrolls of remove curse
Potions
 d - a potion of might
 l - a potion of curing
 p - 3 potions of brilliance
 t - 3 potions of lignification
 w - 2 potions of heal wounds
 B - a potion of haste
 C - a potion of resistance
 H - a potion of berserk rage
Books
 s - Atefas's Almanac of Retrieval
   (You found it on level 6 of the Dungeon)

   Spells                             Type                      Level
   a - Apportation                    Translocation                1
Comestibles
 f - 5 bread rations
 q - 12 fruits
 v - a meat ration
 F - 3 beef jerkies
 G - 10 royal jellies


   Skills:
 - Level 3.0 Fighting
 * Level 9.5 Long Blades
 - Level 5.0 Armour
 * Level 10.0 Shields
 + Level 5.7 Invocations


You had 9 spell levels left.
You didn't know any spells.

Dungeon Overview and Level Annotations

Branches:
Dungeon (10/15)            Temple (1/1) D:7            Lair (0/6) D:8
    Orc: D:9-12

Altars:
Ashenzari
Cheibriados
Dithmenos
Elyvilon
Fedhas
Gozag
Hepliaklqana
Kikubaaqudgha
Makhleb
Nemelex Xobeh
Okawaru
Qazlal
Ru
Sif Muna
Trog
Uskayaw
Vehumet
Xom
Yredelemnul
Zin
The Shining One


Innate Abilities, Weirdness & Mutations

You have very sharp fingernails.
You are mostly covered in thin metallic scales. (AC +3)
You are partially covered in sharp spines.
When hurt, damage is shared between your health and your magic reserves.
You have a pair of small horns on your head.
You have sharp toenails.
Your spells are a little harder to cast, but a little more powerful.
You evolve.
Potions are less effective at restoring your health.


Message History

You hit the two-headed ogre. Your kick misses the two-headed ogre.
The two-headed ogre is moderately wounded.
You block the two-headed ogre's attack.
The two-headed ogre hits you with a dire flail.
You slash the two-headed ogre!
You headbutt the two-headed ogre, but do no damage.
The two-headed ogre is heavily wounded.
The two-headed ogre hits you with a giant spiked club!
* * * LOW HITPOINT WARNING * * *
You block the two-headed ogre's attack.
You slash the two-headed ogre!
The two-headed ogre is severely wounded.
You hit the two-headed ogre.
The two-headed ogre is severely wounded.
The two-headed ogre is struck by your spines.
The two-headed ogre hits you with a giant spiked club!!
* * * LOW HITPOINT WARNING * * *
The two-headed ogre hits you with a dire flail!
* * * LOW MAGIC WARNING * * *
You die...

.#.#.# .#
..<#.# ..
##.#.# ##.#
..#.# ...#
####.# #..# #.#
#).####.. #.#
#o....... #.#
#O######.
#.###########@#
#.............#
#.#############
###


You could see a two-headed ogre and an orc.

Vanquished Creatures
  3 hornets (D:8)
  A hippogriff (D:8)
  The ghost of omnomnOMINOUS the Insei, an amateur OpMo (D:4)
  A yak (D:8)
  A wyvern (D:8)
  Edmund (D:6)
  A soldier ant (D:8)
  A porcupine (D:8)
  A hornet zombie (D:9)
  An orc warrior (D:6)
  An ice beast (D:8)
  2 sky beasts
  Duvessa (D:7)
  A black bear (D:8)
  2 necrophages
  3 ogres
  4 phantoms
  4 centaurs
  3 crocodiles (D:8)
  2 big kobolds (D:8)
  A gnoll sergeant (D:9)
  6 bullfrogs (D:8)
  Dowan (D:7)
  5 scorpions
  A water moccasin skeleton (D:5)
  3 howler monkeys
  5 crimson imps
  3 bullfrog zombies
  4 hounds
  A centaur skeleton (D:9)
  2 orc priests
  A jelly (D:8)
  4 orc wizards
  Crazy Yiuf (D:7)
  2 iguanas
  7 worker ants
  A hound zombie (D:5)
  A worker ant zombie (D:5)
  9 gnolls
  16 adders
  4 shadow imps
  3 worms
  2 dart slugs
  8 leopard geckos
  21 orcs
  9 giant cockroaches
  10 goblins
  9 hobgoblins
  10 jackals
  22 kobolds
  4 quokkas
  A ball python (D:2)
  6 bats
  5 frilled lizards
  A leopard gecko skeleton (D:8)
  A leopard gecko zombie (D:8)
  4 rats
229 creatures vanquished.

Vanquished Creatures (others)
  12 fungi (D:8)
  A plant (D:8)
13 creatures vanquished.

Grand Total: 242 creatures vanquished

Notes
Turn   | Place    | Note
-------+----------+-------------------------------------------
     0 | D:1      | DevlanMud the Demonspawn Fighter began the quest for the Orb.
     0 | D:1      | Reached XP level 1. HP: 18/18 MP: 1/1
    69 | D:1      | Reached skill level 3 in Shields
   127 | D:1      | Gained mutation: You have sharp fingernails. [demonic ancestry]
   127 | D:1      | Reached XP level 2. HP: 24/24 MP: 2/2
   291 | D:1      | Found a shattered altar of Ashenzari.
   450 | D:1      | Gained mutation: When hurt, damage is shared between your health and your magic reserves. [demonic ancestry]
   450 | D:1      | Reached XP level 3. HP: 29/29 MP: 3/3
  1126 | D:2      | Gained mutation: You are partially covered in thin metallic scales. (AC +2) [demonic ancestry]
  1126 | D:2      | Reached XP level 4. HP: 21/35 MP: 4/4
  1552 | D:2      | Found a burning altar of Makhleb.
  1653 | D:3      | Reached skill level 4 in Shields
  1776 | D:3      | Gained mutation: You are mostly covered in thin metallic scales. (AC +3) [demonic ancestry]
  1776 | D:3      | Reached XP level 5. HP: 39/41 MP: 5/5
  2805 | D:4      | Noticed omnomnOMINOUS's ghost (amateur OpMo)
  2827 | D:4      | Reached XP level 6. HP: 10/47 MP: 1/6
  3089 | D:4      | Killed omnomnOMINOUS's ghost
  3089 | D:4      | Reached skill level 5 in Shields
  3164 | D:4      | Reached XP level 7. HP: 49/52 MP: 5/7
  3881 | D:5      | Entered Level 5 of the Dungeon
  3887 | D:5      | Reached skill level 5 in Long Blades
  4073 | D:5      | Gained mutation: You have a pair of small horns on your head. [potion of beneficial mutation]
  4102 | D:5      | Reached skill level 6 in Shields
  4102 | D:5      | Gained mutation: You are partially covered in sharp spines. [demonic ancestry]
  4102 | D:5      | Reached XP level 8. HP: 58/58 MP: 8/8
  4232 | D:5      | Reached skill level 5 in Armour
  4805 | D:6      | Noticed Edmund
  4853 | D:6      | Killed Edmund
  4998 | D:6      | Reached skill level 7 in Shields
  5115 | D:6      | Found a bloodstained altar of Trog.
  5116 | D:6      | Identified Atefas's Almanac of Retrieval
  6466 | D:7      | Reached XP level 9. HP: 52/63 MP: 5/9
  6562 | D:7      | Noticed Duvessa
  6584 | D:7      | Killed Duvessa
  6610 | D:7      | Noticed Dowan
  6618 | D:7      | Killed Dowan
  6830 | D:7      | Found a runed door.
  6870 | D:7      | Found a staircase to the Ecumenical Temple.
  6879 | Temple   | Entered the Ecumenical Temple
  6977 | Temple   | Became a worshipper of Warmaster Okawaru
  7017 | D:7      | Reached skill level 8 in Shields
  7200 | D:7      | Noticed Crazy Yiuf
  7205 | D:7      | Killed Crazy Yiuf
  7374 | D:8      | Found a sparkling altar of Nemelex Xobeh.
  7379 | D:8      | Reached skill level 1 in Invocations
  7572 | D:8      | Reached * piety under Okawaru
  7580 | D:8      | Gained mutation: You evolve. [mutagenic meat]
  7581 | D:8      | Gained mutation: Your spells are a little harder to cast, but a little more powerful. [mutagenic meat]
  7582 | D:8      | Gained mutation: Potions are less effective at restoring your health. [mutagenic meat]
  7584 | D:8      | Gained mutation: You have sharp toenails. [mutagenic meat]
  7783 | D:8      | Reached skill level 9 in Shields
  7807 | D:8      | Gained mutation: You have very sharp fingernails. [demonic ancestry]
  7807 | D:8      | Reached XP level 10. HP: 70/70 MP: 11/13
  7878 | D:8      | Reached ** piety under Okawaru
  7886 | D:8      | Found a staircase to the Lair.
  8247 | D:8      | Paralysed by a hornet for 2 turns
  8264 | D:8      | Reached skill level 5 in Invocations
  9490 | D:10     | Entered Level 10 of the Dungeon
  9530 | D:10     | Noticed a two-headed ogre
  9533 | D:10     | Reached skill level 10 in Shields
  9543 | D:10     | Slain by a two-headed ogre

Vault maps used:
D:1:      dpeg_arrival_lava_temple_mockup, evilmike_ruin_ashenzari
D:2:      serial_park_tiny_1, hangedman_decor_opposing,
          makhleb_blood_cavern_becter
D:3:      minmay_misc_feat_x, grunt_ministairs_9
D:4:      first_bread
D:6:      trog_book, uniq_edmund
D:7:      uniq_crazy_yiuf_cottage, uniq_duvessa
D:8:      due_lair_maze_entry_diamond, basic_altar, hangedman_pestilent_swarm
D:10:     orc_0_dummy
Temple:   kilobyte_greek_temple

Skill      XL: |  1  2  3  4  5  6  7  8  9 10 |
---------------+-------------------------------+-----
Shields        | 3 4 5 6 7 9 10 | 10.0
Long Blades    | 2 3 4 5 7 8 9 |  9.5
Armour         | 3 4 5 |  5.0
Invocations    | 4 5 |  5.7
Fighting       | |  3.0

Action                   |  1- 3 |  4- 6 |  7- 9 | 10-12 || total
-------------------------+-------+-------+-------+-------++-------
Melee: Long sword        |   143 |   233 |   493 |   149 ||  1018
       Headbutt          |       |       |    82 |    43 ||   125
       Kick              |       |       |    12 |    57 ||    69
Invok: Heroism           |       |       |       |     1 ||     1
  Use: Potion            |     3 |     2 |     3 |     4 ||    12
       Scroll            |       |     2 |    10 |     4 ||    16
 Stab: Distracted        |       |       |     1 |       ||     1
  Eat: Chunk             |     1 |     7 |    19 |     2 ||    29
       Beef jerky        |       |       |     1 |       ||     1
       Pizza             |       |       |       |     2 ||     2
Armor: Scale mail        |    83 |   100 |   214 |    44 ||   441
Dodge: Dodged            |    58 |    75 |   111 |    40 ||   284
Block: Shield            |    96 |   127 |   236 |    68 ||   527
       Rpst.: Long sword |    13 |    22 |    33 |    10 ||    78
